 Dungeon Crawl Stone Soup version 0.19.4-8-ga85b6b9 (webtiles) character file.

1116 Haldmier the Carver (level 8, -3/50 HPs)
             Began as a High Elf Skald on Feb 13, 2017.
             Was an Initiate of Ashenzari.
             Slain by a centaur (7 damage)
             ... on level 5 of the Dungeon on Feb 14, 2017.
             The game lasted 00:39:02 (7861 turns).

Haldmier the Carver (High Elf Skald)                Turns: 7861, Time: 00:39:03

Health: -3/50      AC:  4    Str: 13    XL:     8   Next: 12%
Magic:  5/12       EV: 12    Int: 15    God:    Ashenzari [......]
Gold:   233        SH:  0    Dex: 16    Spells: 4 memorised, 2 levels left

rFire  . . .     SeeInvis .     a - +0 falchion
rCold  . . .     Gourm    .     K - +0 robe {MR+}
rNeg   . . .     Faith    .     (no shield)
rPois  .         Spirit   .     v - +0 helmet
rElec  .         Reflect  .     (no cloak)
rCorr  .         Harm     .     (no gloves)
MR     ++...                    G - +0 pair of boots
Stlth  ..........               e - amulet of rage (curse)
                                k - ring of protection from magic
                                f - ring of loudness (curse)

@: no status effects
A: no striking features
a: Curse Item, Renounce Religion, Evoke Berserk Rage


You were on level 5 of the Dungeon.
You worshipped Ashenzari.
Ashenzari was noncommittal.
You were not hungry.

You visited 1 branch of the dungeon, and saw 5 of its levels.

You collected 233 gold pieces.

Inventory:

Hand Weapons
 a - a +0 falchion (weapon)
 b - a +0 hunting sling
 C - a +0 great sword
Missiles
 h - 150 stones (quivered)
Armour
 q - a +0 ring mail
 u - a +0 leather armour
 v - a +0 helmet (worn)
 x - a +1 chain mail of positive energy
 G - a +0 pair of boots (worn)
 I - a +1 scale mail of magic resistance
 K - a +0 robe of magic resistance (worn)
Jewellery
 e - a cursed amulet of rage (around neck)
 f - a cursed ring of loudness (left hand)
 k - a ring of protection from magic (right hand)
 F - an uncursed ring of ice
Wands
 D - a wand of digging (19/24)
Scrolls
 g - 2 scrolls of teleportation
 i - a scroll of fear {unknown}
 m - a scroll of amnesia {unknown}
 o - a scroll of enchant weapon {unknown}
 s - a scroll of remove curse
 t - 2 scrolls of noise {unknown}
 w - a scroll of identify {unknown}
 y - 3 scrolls of blinking
 A - a scroll of recharging {unknown}
 M - a scroll of magic mapping {unknown}
Potions
 j - a potion of ambrosia {unknown}
 l - 2 potions of might {unknown}
 p - a potion of mutation {unknown}
 r - a potion of cure mutation {unknown}
 B - a potion of resistance {unknown}
 L - 2 potions of curing {unknown}
Books
 c - a book of Battle

   Spells                             Type                      Level
   a - Infusion                       Charms                       1
   b - Shroud of Golubria             Charms/Translocation         2
   c - Song of Slaying                Charms                       2
   d - Spectral Weapon                Hexes/Charms                 3
   e - Regeneration                   Charms/Necromancy            3
Comestibles
 d - 7 bread rations
 n - 5 meat rations
 z - a beef jerky
 E - a slice of pizza
 H - a chunk of flesh
 J - 5 fruits


   Skills:
 - Level 2.0 Fighting
 * Level 8.0 Long Blades
 - Level 0.8 Armour
 - Level 1.1 Dodging
 - Level 2.4 Spellcasting
 - Level 4.0 Hexes
 + Level 5.0 Charms
 + Level 2.9 Necromancy
 - Level 3.0 Translocations


You had 2 spell levels left.
You knew the following spells:

 Your Spells              Type           Power        Failure   Level  Hunger
a - Infusion              Chrm           ###.         2%          1    #......
b - Shroud of Golubria    Chrm/Tloc      ##........   8%          2    ###....
c - Spectral Weapon       Hex/Chrm       ###.....     12%         3    ###....
d - Regeneration          Chrm/Necr      ##........   14%         3    ###....


Dungeon Overview and Level Annotations

Branches:
Dungeon (5/15)
 Temple: D:4-7

Altars:
Ashenzari
Dithmenos
Hepliaklqana
Vehumet
Xom

Annotations:
D:3 Stiffzip's ghost, amateur MiBe
D:4 Kosschaser's ghost, amateur DrBe


Message History

The centaur is severely wounded.
You take 9 damage, and have 7/50 hp.
You hit the centaur.
The centaur is almost dead.
Your spectral weapon hits the centaur!
You kill the centaur!
Your Long Blades skill increases to level 8!
Your Charms skill increases to level 5!
The centaur hits you.
* * * LOW HITPOINT WARNING * * *
You take 3 damage, and have 4/50 hp.
You hit the centaur.
The centaur is lightly wounded.
Your spectral weapon hits the centaur.
The centaur closely misses you. The centaur barely misses you.
You riposte.
You hit the centaur.
The centaur is moderately wounded.
You hit the centaur.
The centaur is heavily wounded.
Your spectral weapon hits the centaur!
The centaur hits you!
You die...

... #.#.#######.#.#
#.##.#...........# .
##..#.......####..#
.. ##...........#
#..# ...
.............# #..#
.... #.....(...#
#..# ._...
##.(..#+### ##.#
......##(....# #..
......c@(....#. ##.
....##)(##...#. #. .
##.##...#. #. #.
#.##.###.###### #.
##.. ..##.# #......#
##
#....####.###......#
# .....
###...#......# #
#..##..._........#
#.(.............#


You could see a centaur and a friendly spectral falchion.

Vanquished Creatures
  Sigmund (D:4)
  Duvessa (D:4)
  2 ogres (D:4)
  A centaur (D:5)
  Dowan (D:4)
  A crimson imp (D:5)
  An orc priest (D:4)
  An iguana (D:5)
  Terence (D:2)
  2 orc wizards (D:4)
  2 worker ants (D:4)
  A hound skeleton (D:4)
  A worker ant zombie (D:5)
  Robin (D:2)
  8 gnolls
  10 adders
  3 oozes
  An adder skeleton (D:4)
  7 worms
  3 dart slugs
  2 leopard geckos
  4 orcs (D:4)
  3 ball pythons
  4 giant cockroaches
  14 goblins
  8 hobgoblins
  4 jackals
  3 kobolds
  4 quokkas
  8 bats
  8 frilled lizards
  13 rats
124 creatures vanquished.

Notes
Turn   | Place    | Note
-------+----------+-------------------------------------------
     0 | D:1      | Haldmier the High Elf Skald began the quest for the Orb.
     0 | D:1      | Reached XP level 1. HP: 14/14 MP: 4/4
   156 | D:1      | Reached skill level 3 in Long Blades
   578 | D:1      | Reached XP level 2. HP: 12/19 MP: 1/6
   739 | D:2      | Learned a level 2 spell: Shroud of Golubria
  1308 | D:1      | Reached skill level 1 in Translocations
  1618 | D:1      | Reached XP level 3. HP: 22/24 MP: 1/7
  1678 | D:1      | Learned a level 3 spell: Spectral Weapon
  1790 | D:2      | Reached skill level 4 in Long Blades
  2373 | D:2      | Noticed Robin
  2393 | D:2      | Killed Robin
  2393 | D:2      | Reached XP level 4. HP: 26/29 MP: 2/8
  2611 | D:2      | Noticed Terence
  2632 | D:2      | Killed Terence
  2632 | D:2      | Reached skill level 1 in Hexes
  3274 | D:2      | Reached XP level 5. HP: 6/34 MP: 3/9
  3984 | D:2      | Found a shattered altar of Ashenzari.
  3992 | D:2      | Became a worshipper of Ashenzari the Shackled
  4199 | D:2      | Found a radiant altar of Vehumet.
  4438 | D:3      | Noticed Stiffzip's ghost (amateur MiBe)
  4487 | D:3      | Reached skill level 5 in Long Blades
  5206 | D:3      | Reached XP level 6. HP: 29/39 MP: 5/10
  5354 | D:3      | Learned a level 3 spell: Regeneration
  5639 | D:3      | Found a hazy altar of Hepliaklqana.
  6092 | D:4      | Reached skill level 1 in Necromancy
  6244 | D:4      | Noticed Duvessa
  6244 | D:4      | Noticed Dowan
  6278 | D:4      | Killed Duvessa
  6278 | D:4      | Reached skill level 6 in Long Blades
  6278 | D:4      | Reached XP level 7. HP: 31/45 MP: 2/11
  6287 | D:4      | Killed Dowan
  6857 | D:4      | Reached skill level 7 in Long Blades
  7265 | D:4      | Noticed Kosschaser's ghost (amateur DrBe)
  7473 | D:4      | Noticed Sigmund
  7484 | D:4      | Killed Sigmund
  7580 | D:5      | Entered Level 5 of the Dungeon
  7593 | D:5      | Found a shimmering altar of Xom.
  7596 | D:5      | Found a shimmering altar of Xom.
  7608 | D:5      | Found a shimmering altar of Xom.
  7608 | D:5      | Found a shimmering altar of Xom.
  7608 | D:5      | Found a shimmering altar of Xom.
  7608 | D:5      | Found a shimmering altar of Xom.
  7609 | D:5      | Found a shimmering altar of Xom.
  7630 | D:5      | Reached XP level 8. HP: 46/50 MP: 2/12
  7847 | D:5      | Found a shadowy altar of Dithmenos.
  7859 | D:5      | Reached skill level 8 in Long Blades
  7859 | D:5      | Reached skill level 5 in Charms
  7861 | D:5      | Slain by a centaur

Skill      XL: |  1  2  3  4  5  6  7  8 |
---------------+-------------------------+-----
Long Blades    | 3 4 5 6 7 8 |  8.0
Translocations | 1 2 3 |  3.0
Hexes          | 1 3 4 |  4.0
Necromancy     | 1 2 |  2.9
Charms         | 4 5 |  5.0
Fighting       | |  2.0
Armour         | |  0.8
Dodging        | |  1.1
Spellcasting   | |  2.4

Action                   |  1- 3 |  4- 6 |  7- 9 || total
-------------------------+-------+-------+-------++-------
Melee: Falchion          |    69 |   231 |    94 ||   394
 Fire: Hunting sling     |    11 |       |       ||    11
Throw: Stone             |     2 |       |       ||     2
 Cast: Infusion          |    23 |    23 |     7 ||    53
       Shroud of Golubri |     4 |    15 |     9 ||    28
       Spectral Weapon   |       |     4 |     7 ||    11
       Regeneration      |       |       |     7 ||     7
Invok: Curse Item        |       |     1 |       ||     1
  Use: Scroll            |       |     2 |       ||     2
 Stab: Distracted        |       |       |     1 ||     1
  Eat: Chunk             |     5 |    15 |     8 ||    28
Armor: Leather armour    |    20 |    60 |     7 ||    87
       Robe              |       |       |     6 ||     6
Dodge: Dodged            |    44 |   127 |    63 ||   234
       Rpst.: Falchion   |    16 |    33 |    22 ||    71
